Mandevil, chaotic male orcish Rogue -- ------ --.----.--.---------- |...........|.--.|..-- --...................| |..................----- --- --.................|...| ---.--- ----........o.........| --.....-- --|..).^...G..).....(------.......-- ---- --.--..--...............>...........| |..-----......--......--..^-----------<...-- |....................----..| |...-- --.|...............--- -.-- --..- ----.--......--..-- ... ... ------...----.-- |... -... --..| |-.| --. .... |..-- |..---- .. ---- --..---.....| -.. |..........| --. --........-- . ---.--.--- . ------ -- Mandevil the Cutpurse Experience level: 3 Strength: 17 Dexterity: 18 Constitution: 11 Intelligence: 12 Wisdom: 10 Charisma: 7 Health: 0(34) Energy: 8(8) Def: 3 Gold: 96 Moves: 1127 Dungeon seed: PS6Mqg2GylLfT0Kp Game ID: Mandevil_1655622116 Your Inventory: Coins $ - 96 gold pieces Weapons a - an uncursed +0 orcish dagger named primary (weapon in hand) b - 12 uncursed +0 orcish daggers named ammo (in quiver) j - an uncursed +0 orcish short sword Armor e - an uncursed +1 leather armor (being worn) Comestibles g - an uncursed tripe ration i - an uncursed lembas wafer m - 4 uncursed lichen corpses o - an uncursed food ration Scrolls p - an uncursed scroll of earth q - an uncursed scroll of destroy armor Potions c - an uncursed potion of sickness d - a blessed potion of sleeping r - a blessed potion of extra healing Rings s - an uncursed +2 ring of carrying (on left hand) Tools f - an uncursed oil lamp (0:1084) h - an uncursed sack k - an uncursed lock pick Gems n - an uncursed worthless piece of red glass Spells and supernatural/magical abilities: Name Level Category Cost Memory W - pray for help -- divine ? -- Your skills at the end: Fighting Skills wands [Basic] Weapon Skills dagger [Basic] short sword [Basic] Spellcasting Skills Final Attributes: You were piously aligned. You were immune to poison. You had infravision. You were stealthy. Kos was noncommittal. You are dead. Vanquished creatures: a gnome lord a dwarf 2 acid blobs 2 giant rats 6 gnomes 6 jackals 2 foxes a sewer rat 5 grid bugs 2 bats 4 lichens a newt 33 creatures vanquished. Voluntary challenges: You were an atheist. You used a wielded weapon 41 times, starting on turn 533. You read items or engraved 1 time, starting on turn 180. You never genocided any monsters. You never polymorphed an object. You never changed form. You used no wishes. You never split a pudding. You never wrote Elbereth's name. You never violated your personal moral code. Dungeon overview: The Dungeons of Doom: levels 1 to 2 Level 1 a fountain a long staircase Level 2 a fountain stairs to The Gnomish Mines The Gnomish Mines: Level 3 <- You were here stairs to The Dungeons of Doom History has recorded: On T:1 you entered the Dungeons of Doom to retrieve the Amulet of Yendor! On T:657 you reached level 2 of The Dungeons of Doom. On T:713 you advanced to experience level 2. On T:995 you reached level 1 of The Gnomish Mines. On T:1021 you advanced to experience level 3. Score breakdown: Gold: 96 ( 6758 points) Experience: 3 levels ( 7878 points) Exploration: 3 levels ( 6.52%) ( 6324 points) Discoveries: 1 item ( 0.34%) ( 1758 points) Valuables value: (no points given unless you survive) Artifact value: 0 ( 0 points) Variety of kills: 12 monsters ( 3.16%) ( 5331 points) Turncount: 1127 turns ( 0 points) Survival: died (score multiplied by 80%) Total score: 22439 Latest messages: You hear some noises in the distance. (5x) The gnome king picks up a few weapons from the floor. You hear some noises in the distance. You are beginning to feel hungry. You hear some noises in the distance. (3x) The gnome king wields a bow! The gnome king shoots 2 arrows! You are almost hit by the 1st arrow. You are almost hit by the 2nd arrow. You hear some noises in the distance. (2x) You hit the gnome king. The gnome king wields a thonged club! The gnome king swings his thonged club at you. The gnome king hits! You hit the gnome king. The gnome king swings his thonged club at you. The gnome king hits! You hit the gnome king. The gnome king swings his thonged club at you. The gnome king hits! You hit the gnome king. The gnome king swings his thonged club at you. The gnome king hits! You die... The sack is empty. Final status: Goodbye Mandevil the Rogue, killed by a gnome king... You died in The Gnomish Mines on dungeon level 3 with 22439 points, and 96 pieces of gold, after 1127 moves. You were level 3 with a maximum of 34 hit points when you died.